 Dungeon Crawl Stone Soup version 0.31-a0-692-gf03d1854d5 (webtiles) character file.

Game seed: 11028081543503871544

178 qw the Shooter (level 5, -3/32 HPs)
             Began as a Gargoyle Hunter on Sept 6, 2023.
             Slain by a hobgoblin (5 damage)
             ... on level 3 of the Dungeon.
             The game lasted 00:00:46 (2058 turns).

qw the Shooter (Gargoyle Hunter)                    Turns: 2058, Time: 00:00:47

Health: -3/32      AC: 12    Str: 15    XL:     5   Next: 58%
Magic:  5/5        EV: 11    Int:  9    God:
Gold:   141        SH:  0    Dex: 15    Spells: 4/4 levels left

rFire   . . .        Y - +0 shortbow (freeze)
rCold   . . .        (shield currently unavailable)
rNeg    + . .        f - +3 ring mail
rPois   inf          (no helmet)
rElec   +            (no cloak)
rCorr   .            (no gloves)
SInv    .            (no boots)
Will    .....        (no amulet)
Stlth   +            (no ring)
HPRegen 0.25/turn    (no ring)
MPRegen 0.09/turn

%: no passive effects
@: no status effects
A: sickness immunity, AC +4, negative energy resistance 1, electricity
resistance, torment resistance 1, petrification resistance
a: no special abilities


You were on level 3 of the Dungeon.
You visited 1 branch of the dungeon, and saw 3 of its levels.

You collected 141 gold pieces.


Innate Abilities, Weirdness & Mutations

You are immune to sickness and miasma.
Your stone body is resilient. (AC +4)
You are immune to poison.
You resist negative energy. (rN+)
You are resistant to electric shocks. (rElec)
You are resistant to unholy torment.
You are immune to petrification.


   Skills:
 + Level 3.3 Fighting
 - Level 6.1 Ranged Weapons
 - Level 1.0 Armour
 - Level 1.5 Dodging
 - Level 1.1 Stealth


You had 4 spell levels left.
You didn't know any spells.
Your spell library was empty.

Inventory:

Hand Weapons
 Y - a +0 shortbow of freezing (weapon)
Armour
 f - a +3 ring mail (worn)
Jewellery
 b - a ring of fire
 d - a ring of fire
 k - a ring of willpower
 l - an amulet of magic regeneration
Scrolls
 a - 2 scrolls of identify
 j - a scroll of enchant weapon {unknown}
 m - a scroll of poison {unknown}
Potions
 c - a potion of mutation {unknown}
 e - a potion of heal wounds {unknown}
 g - a potion of lignification {unknown}
 h - a potion of might {unknown}
 i - 2 potions of enlightenment {unknown}

Dungeon Overview and Level Annotations

Branches:
Dungeon (3/15)

Altars:
Cheibriados
Hepliaklqana
Trog
Wu Jian

Annotations:
D:3 Robin


Message History

Ijyb is heavily wounded.
Ijyb hits you but does no damage. The grasping roots constrict you.
The hobgoblin barely misses you.
Robin says, "Duck!"
You shoot an arrow. The arrow hits Ijyb.
The arrow freezes Ijyb.
Ijyb is severely wounded.
Ijyb closely misses you. The grasping roots constrict you.
The hobgoblin hits you but does no damage.
Robin roars a battlecry!
The goblins go into a battle-frenzy!
Ijyb hits you with a +0 dagger. The grasping roots constrict you.
The hobgoblin hits you.
The grasping roots release their grip on you.
You shoot an arrow. The arrow hits Ijyb but does no damage.
Ijyb is severely wounded.
Ijyb zaps a wand.
The roots erupt in riotous growth!
The grasping roots grab you!
Ijyb is unaffected.
The hobgoblin is unaffected.
The grasping roots constrict you. The hobgoblin barely misses you.
You shoot an arrow. The arrow barely misses Ijyb.
Ijyb hits you but does no damage. The grasping roots constrict you.
The hobgoblin closely misses you.
You shoot an arrow. The arrow closely misses Ijyb.
Ijyb hits you but does no damage. The grasping roots constrict you.
The hobgoblin barely misses you.
You shoot an arrow. The arrow hits Ijyb.
The arrow freezes Ijyb.
Ijyb is almost dead.
Ijyb closely misses you. The grasping roots constrict you.
The hobgoblin hits you.
The grasping roots release their grip on you.
You shoot an arrow. The arrow hits Ijyb!
The arrow freezes Ijyb.
You kill Ijyb!
The hobgoblin hits you.
The hobgoblin hits you but does no damage.
Your Ranged Weapons skill increases to level 6!
You shoot an arrow. The arrow hits the hobgoblin.
The arrow freezes the hobgoblin.
You kill the hobgoblin!
Robin completely misses you. The hobgoblin hits you.
You die...

....# ._..# _8_.#####
### ._......# #..
........# #.# #.##....##
#.# #........##### #.#
#............###.#
#.#........#.#.#@####..
#.#..[.........)ggg.....
#.##.....#...#.###g.#...
.........#...#.# ..#
........#....#.# .#
....###.#..#.#.# .#
.............#.. .
...........#.... ..
...........#........ ..


You could see Robin and 3 hobgoblins.

Vanquished Creatures
  A sleepcap (D:2)
  Ijyb (D:3)
  4 adders
  3 gnolls (D:3)
  A worm (D:3)
  A dart slug (D:3)
  6 bats
  3 endoplasms (D:1)
  5 giant cockroaches
  4 goblins
  4 hobgoblins
  4 jackals (D:1)
  8 kobolds (D:1)
  A quokka (D:2)
  8 ball pythons
  3 frilled lizards
  4 rats
61 creatures vanquished.

Notes
Turn   | Place    | Note
-------+----------+-------------------------------------------
     0 | D:1      | qw the Gargoyle Hunter began the quest for the Orb.
     0 | D:1      | Reached XP level 1. HP: 12/12 MP: 1/1
     0 | D:1      | 0 ||| qw: Version: 0.3-a-76-g4403597
     0 | D:1      | 0 ||| qw: Game counter: 339
     0 | D:1      | 0 ||| qw: Melee chars always use a shield: true
     0 | D:1      | 0 ||| qw: God list: Okawaru
     0 | D:1      | 0 ||| qw: Allow faded altars: false
     0 | D:1      | 0 ||| qw: Do Orc after clearing Dungeon:15 true
     0 | D:1      | 0 ||| qw: Do second Lair branch before Depths: true
     0 | D:1      | 0 ||| qw: Lair rune preference: random
     0 | D:1      | 0 ||| qw: Goals: Normal
     0 | D:1      | 0 ||| PLANNING D:1-11
    77 | D:1      | Reached XP level 2. HP: 17/17 MP: 2/2
   323 | D:1      | Reached XP level 3. HP: 21/21 MP: 3/3
   426 | D:1      | Reached skill level 5 in Ranged Weapons
   539 | D:1      | 539 ||| UPGRADING to +3 ring mail.
   549 | D:1      | 549 ||| DROPPING +0 leather armour.
   550 | D:1      | 550 ||| READING scroll labelled DYTZIO JISOZIE.
   551 | D:1      | 551 ||| READING scroll labelled YSHROGH URIEFI.
   552 | D:1      | 552 ||| READING scroll labelled AKKOSOMILE.
   553 | D:1      | 553 ||| READING scroll labelled SOMESM DIVYUS.
   554 | D:1      | 554 ||| READING scroll labelled PEAPAUK RYUZUY.
   557 | D:1      | 557 ||| READING scroll labelled NICUTU HIMPEN.
   558 | D:1      | 558 ||| DROPPING scroll of butterflies.
   587 | D:2      | Found a faded altar of an unknown god.
   625 | D:2      | Reached skill level 1 in Armour
   951 | D:2      | Reached skill level 3 in Fighting
   951 | D:2      | Reached XP level 4. HP: 28/28 MP: 4/4
  1377 | D:3      | 1377 ||| Stepping ~*~*~tactically~*~*~ (retreating).
  1497 | D:3      | Reached XP level 5. HP: 30/32 MP: 5/5
  1601 | D:3      | Found a snail-covered altar of Cheibriados.
  1602 | D:3      | Found a hazy altar of Hepliaklqana.
  1602 | D:3      | Found a bloodstained altar of Trog.
  1603 | D:3      | Found an ornate altar of the Wu Jian Council.
  2040 | D:3      | Noticed Ijyb
  2043 | D:3      | Noticed Robin
  2044 | D:3      | 2044 ||| Stepping ~*~*~tactically~*~*~ (outnumbered).
  2056 | D:3      | HP: 4/32 [hobgoblin (6)]
  2057 | D:3      | Killed Ijyb
  2058 | D:3      | Reached skill level 6 in Ranged Weapons
  2058 | D:3      | Slain by a hobgoblin

Levels and vault maps discovered:
D:1:      pf_arrival_petrified_forest, layout_basic
D:2:      layout_basic, basic_ecumenical_altar
D:3:      layout_basic, chequers_temple_overflow_statue_of_worship,
          minmay_crystal_water, nicolae_goblin_pals

Skill      XL: |  1  2  3  4  5 |
---------------+----------------+-----
Ranged Weapons | 5 6 |  6.1
Armour         | 1 |  1.0
Fighting       | 3 |  3.3
Dodging        | |  1.5
Stealth        | |  1.1

Action                     |  1- 3 |  4- 6 || total
---------------------------+-------+-------++-------
   Fire: Shortbow          |    98 |    74 ||   172
    Use: Scroll            |     6 |       ||     6
 Armour: Leather armour    |    10 |       ||    10
         Ring mail         |     3 |    30 ||    33
  Dodge: Dodged            |    20 |    21 ||    41

Table legend:
 A = Non-vault XP
 B = Vault XP
 C = Vault XP percentage of total XP
 D = Non-vault monster count
 E = Vault monster count
 F = Vault count percentage of total count
                 A         B        C        D         E       F
            +---------+---------+-------+---------+---------+-------
      Total |     220 |      37 |  14.4 |      58 |       3 |   4.9
            +---------+---------+-------+---------+---------+-------
        D:1 |      43 |       0 |   0.0 |      24 |       0 |   0.0
        D:2 |      68 |       0 |   0.0 |      15 |       0 |   0.0
        D:3 |     109 |      37 |  25.3 |      19 |       3 |  13.6
            +---------+---------+-------+---------+---------+-------
